 Seeded DCSS version 0.30-a0-368-g86fb4627a9 (webtiles) character file.

Game seed: 4866231847754521613 (custom seed)

110 purpskrrrp the Covered (level 4, -1/44 HPs)
             Began as a Troll Fighter on Nov 18, 2022.
             Slain by an orc
             ... wielding a +0 dagger
              (3 damage)
             ... on level 3 of the Dungeon.
             The game lasted 00:02:01 (1890 turns).

purpskrrrp the Covered (Troll Fighter)              Turns: 1890, Time: 00:02:01

Health: -1/44      AC:  4    Str: 26    XL:     4   Next: 61%
Magic:  3/3        EV: 10    Int:  2    God:
Gold:   170        SH:  0    Dex:  9    Spells: 3/3 levels left

rFire   . . .      SeeInvis .      - Unarmed
rCold   . . .      Faith    .    (no shield)
rNeg    . . .      Spirit   .    a - +0 robe
rPois   .          Reflect  .    (helmet restricted)
rElec   .          Harm     .    (no cloak)
rCorr   .          Rampage  .    (gloves unavailable)
Will    .....                    (boots unavailable)
Stlth   +.........               (no amulet)
HPRegen 1.07/turn                (no ring)
MPRegen 0.08/turn                (no ring)

@: no status effects
A: large, unfitting armour, claws 3, regeneration 1, shaggy fur 1, tough skin 1,
dopey 1
a: no special abilities


You were on level 3 of the Dungeon.
You visited 1 branch of the dungeon, and saw 3 of its levels.

You collected 170 gold pieces.

Inventory:

Armour
 a - a +0 robe (worn)
 b - a +0 kite shield
Jewellery
 k - a ring of ice
 l - a ring of see invisible
Wands
 q - a wand of flame (15)
Scrolls
 f - 2 scrolls of enchant armour {unknown}
 g - 3 scrolls of teleportation {unknown}
 h - 4 scrolls of identify {unknown}
 i - 2 scrolls of magic mapping {unknown}
 j - 2 scrolls of acquirement {unknown}
 o - a scroll of poison {unknown}
 p - a scroll of noise {unknown}
Potions
 c - a potion of might
 d - 2 potions of mutation
 e - 2 potions of degeneration {unknown}
 m - 3 potions of lignification {unknown}
 n - a potion of attraction {unknown}
 r - a potion of curing {unknown}


   Skills:
 - Level 2.4 Fighting
 + Level 3.5 Armour
 - Level 2.4 Dodging
 - Level 2.6 Shields
 - Level 2.0 Unarmed Combat


You had 3 spell levels left.
You didn't know any spells.
Your spell library was empty.

Dungeon Overview and Level Annotations

Branches:
Dungeon (3/15)

Altars:


Innate Abilities, Weirdness & Mutations

You are too large for most types of armour.
You have claws for hands.
Your natural rate of healing is unusually fast.
You are covered in fur. (AC +1)
You have tough skin. (AC +1)
You are dopey. (Int -2)


Message History

You are too injured to fight recklessly!
You are too injured to fight recklessly!
You are too injured to fight recklessly!
You are too injured to fight recklessly!
You are too injured to fight recklessly!
You are too injured to fight recklessly!
You are too injured to fight recklessly!
You miss something. The orc barely misses you. Something completely misses you.
The orc hits you with a +0 dagger.
You closely miss something. The orc closely misses you. Something hits you.
The orc closely misses you.
You closely miss something. The orc closely misses you.
Something hits you but does no damage. The orc hits you with a +0 dagger.
You closely miss something. The orc barely misses you. Something hits you.
The orc hits you but does no damage.
You miss something. The orc hits you with a +0 mace.
* * * LOW HITPOINT WARNING * * *
Something hits you.
* * * LOW HITPOINT WARNING * * *
The orc hits you but does no damage.
You closely miss something. The orc hits you with a +0 mace.
* * * LOW HITPOINT WARNING * * *
The orc hits you but does no damage. Something hits you but does no damage.
You barely miss something. The orc barely misses you. Something hits you.
* * * LOW HITPOINT WARNING * * *
The orc barely misses you.
You miss something. The orc hits you with a +0 mace.
* * * LOW HITPOINT WARNING * * *
You hear some strange, mumbled words.
A magic dart appears from out of thin air!
The magic dart hits you.
* * * LOW HITPOINT WARNING * * *
The orc hits you with a +0 dagger.
* * * LOW HITPOINT WARNING * * *
It was a potion of mutation.
You feel extremely strange.
You feel stupid. The orc closely misses you. Something hits you.
* * * LOW HITPOINT WARNING * * *
The orc hits you with a +0 dagger.
You die...

.# #### ##..######
.########### ##8..8##..#
...........# +......'..#
############ #..##..#..#
## ########†.# .# #)$.
#...# .######### #..
#...#
.(.......##+####o#####..#
##########.....{@o..##..#
#..........#...#
#####..##.)'...#
#.############## #######
#.##..# #.....# #.##.##
#.###.# #.##.# #.#
#.###.##.# #.# #.##..##.#


You could see 2 orcs.

Vanquished Creatures
  An iguana (D:2)
  2 adders
  2 dart slugs (D:1)
  3 orcs (D:3)
  7 endoplasms
  4 goblins
  6 hobgoblins
  4 jackals (D:1)
  5 kobolds
  2 quokkas
  5 ball pythons
  9 bats
  A frilled lizard (D:1)
  7 rats
58 creatures vanquished.

Vanquished Creatures (others)
  A withered plant (D:3)
1 creature vanquished.

Grand Total: 59 creatures vanquished

Notes
Turn   | Place    | Note
-------+----------+-------------------------------------------
     0 | D:1      | purpskrrrp the Troll Fighter began the quest for the Orb.
     0 | D:1      | Reached XP level 1. HP: 22/22 MP: 0/0
   107 | D:1      | Reached skill level 1 in Armour
   150 | D:1      | Reached XP level 2. HP: 22/29 MP: 1/1
   289 | D:1      | Reached skill level 2 in Armour
   338 | D:1      | Reached XP level 3. HP: 36/36 MP: 2/2
   761 | D:2      | Reached skill level 3 in Armour
   852 | D:2      | Reached XP level 4. HP: 44/44 MP: 3/3
  1478 | D:3      | Found a faded altar of an unknown god.
  1890 | D:3      | Gained mutation: You are dopey. (Int -2) [potion of
                  | mutation]
  1890 | D:3      | HP: 2/44 [something (3)]
  1890 | D:3      | Slain by an orc

Illustrated notes

Levels and vault maps discovered:
D:1:      dpeg_arrival_arbitrary_c, layout_basic
D:2:      layout_loops_ring, kennysheep_minor_cross
D:3:      minmay_chambers_of_twos, layout_loops_ring, overflow_temple_1_default,
          ebering_ecumenical_altar_petrified

Skill      XL: |  1  2  3 |
---------------+----------+-----
Armour         | 1 2 3 |  3.5
Fighting       | |  2.4
Dodging        | |  2.4
Shields        | |  2.6
Unarmed Combat | |  2.0

Action                   |  1- 3 |  4- 6 || total
-------------------------+-------+-------++-------
Melee: Unarmed           |   100 |    77 ||   177
       Punch             |     1 |     3 ||     4
  Use: Potion            |       |     1 ||     1
Armor: Robe              |    65 |    25 ||    90
Dodge: Dodged            |    74 |    50 ||   124

Table legend: (Time is in decaauts)
 A = Elapsed time spent in this place.
 B = Non-inter-level travel time spent in this place.
 C = Inter-level travel time spent in this place.
 D = Time resting spent in this place.
 E = Time spent auto-exploring this place.
 F = Levels seen in this place.
 G = Mean time per level.
                   A        B        C        D        E       F      G
               +--------+--------+--------+--------+--------+-----+--------+
         Total |   1883 |   1792 |     91 |      0 |   1460 |   3 |  627.7 |
       Dungeon |   1883 |   1792 |     91 |      0 |   1460 |   3 |  627.7 |
               +--------+--------+--------+--------+--------+-----+--------+

Top non-repeatable levels by time:
     D:1: 726 daAuts
     D:2: 712 daAuts
     D:3: 444 daAuts
